 Dungeon Crawl Stone Soup version 0.27.1-3-gb3d3a73c9e (webtiles) character file.

Game seed: 7532088368056949631

261 cdecastro the Destroyer (level 5, -1/28 HPs)
             Began as a Deep Elf Conjurer on Oct 8, 2021.
             Was an Initiate of Vehumet.
             Slain by a phantom (3 damage)
             ... in the Ecumenical Temple.
             The game lasted 00:07:53 (3782 turns).

cdecastro the Destroyer (Deep Elf Conjurer)         Turns: 3782, Time: 00:07:55

Health: -1/28      AC:  2    Str:  4    XL:     5   Next: 96%
Magic:  4/11       EV: 12    Int: 24    God:    Vehumet [......]
Gold:   137        SH:  0    Dex: 13    Spells: 7/10 levels left

rFire    . . .     SeeInvis .   b - +0 short sword
rCold    . . .     Faith    .   (no shield)
rNeg     . . .     Spirit   .   a - +0 robe
rPois    .         Reflect  .   (no helmet)
rElec    .         Harm     .   (no cloak)
rCorr    .         Rampage  .   (no gloves)
Will     .....                  (no boots)
Stlth    ++........             (no amulet)
HPRegen  0.09/turn              (no ring)
MPRegen  0.12/turn              (no ring)

@: no status effects
A: no striking features
a: Renounce Religion


You were in the Ecumenical Temple.
You worshipped Vehumet.
Vehumet was noncommittal.
You visited 2 branches of the dungeon, and saw 5 of its levels.

You collected 161 gold pieces.
You spent 24 gold pieces at shops.

Inventory:

Hand Weapons
 b - a +0 short sword (weapon)
Missiles
 n - 13 bolts
Armour
 a - a +0 robe (worn)
 r - a +0 helmet
Magical Staves
 h - a staff of poison
Jewellery
 j - a ring of fire
 q - a +6 ring of strength
Wands
 f - a wand of polymorph (11)
 k - a wand of iceblast (11)
Scrolls
 c - 4 scrolls of identify
 e - a scroll of teleportation {unknown}
Potions
 d - a potion of haste {unknown}
 g - a potion of attraction {unknown}
 i - a potion of mutation {unknown}
 l - 2 potions of flight {unknown}
 m - a potion of curing {unknown}
 o - a potion of invisibility {unknown}
 p - a potion of heal wounds {unknown}


   Skills:
 - Level 2.4 Dodging
 - Level 2.4 Stealth
 - Level 3.0 Spellcasting
 + Level 8.0 Conjurations


You had 7 spell levels left.
You knew the following spells:

 Your Spells              Type           Power      Damage    Failure   Level
a - Magic Dart            Conj           100%       1d8       1%          1
b - Searing Ray           Conj           84%        3d6       1%          2

Your spell library contained the following spells:

 Spells                   Type           Power      Damage    Failure   Level
 Dazzling Flash           Conj/Hex       44%        N/A       6%          3
 Iskenderun's Battlesphe  Conj           42%        2d9       11%         5
 Fulminant Prism          Conj/Hex       11%        3d9       21%         4
 Iskenderun's Mystic Bla  Conj/Tloc      22%        2d6       21%         4
 Fireball                 Conj/Fire      11%        3d7       50%         5
 Conjure Ball Lightning   Conj/Air       11%        3x3d6     97%         6
 Orb of Destruction       Conj           21%        9d9       98%         7


Dungeon Overview and Level Annotations

Branches:
Dungeon (4/15)             Temple (1/1) D:4

Altars:
Ashenzari
Cheibriados
Dithmenos
Fedhas
Gozag
Hepliaklqana
Makhleb
Nemelex Xobeh
Qazlal
Ru
Uskayaw
Vehumet
Xom
Yredelemnul
Zin
The Shining One

Shops:
D:2 ?


Message History

The phantom hits you but does no damage.
Casting: Magic Dart (safe; 1% risk of failure)
Confirm with . or Enter, or press ? or * to list all spells.
Aiming: Magic Dart (safe; 1% risk of failure)
Press: ? - help, Shift-Dir - straight line, f/p - phantom
Aim: a phantom (moderately damaged, 100% to hit)
The magic dart hits the phantom!
The phantom is severely damaged.
The phantom hits you!
* * * LOW HITPOINT WARNING * * *
Unknown command.
Casting: Magic Dart (safe; 1% risk of failure)
Confirm with . or Enter, or press ? or * to list all spells.
Aiming: Magic Dart (safe; 1% risk of failure)
Press: ? - help, Shift-Dir - straight line, f/p - phantom
Aim: a phantom (severely damaged, 100% to hit)
The magic dart hits the phantom.
The phantom is severely damaged.
The phantom hits you!
* * * LOW HITPOINT WARNING * * *
There is a staircase back to the Dungeon here.
Okay, then.
Unknown command.
Casting: Magic Dart (safe; 1% risk of failure)
Confirm with . or Enter, or press ? or * to list all spells.
Aiming: Magic Dart (safe; 1% risk of failure)
Press: ? - help, Shift-Dir - straight line, f/p - phantom
Aim: a phantom (severely damaged, 100% to hit)
The magic dart hits the phantom.
The phantom is almost destroyed.
The phantom closely misses you.
Casting: Magic Dart (safe; 1% risk of failure)
Confirm with . or Enter, or press ? or * to list all spells.
Aiming: Magic Dart (safe; 1% risk of failure)
Press: ? - help, Shift-Dir - straight line, f/p - phantom
Aim: a phantom (almost destroyed, 100% to hit)
The magic dart hits the phantom but does no damage.
The phantom is almost destroyed.
The phantom hits you.
You die...

##........⌠# #⌠........##
#..........## ##..........#
#......_...8# #8..._......#
#⌠..........###..........⌠#
###8........⌠#⌠........8###
###⌠...._..#.._....⌠###
###8...........8###
###⌠.......⌠### ###.†@W.###
###⌠.......⌠###
###8...........8###
###⌠...._..#.._....⌠###
###8........⌠#⌠........8###
#⌠..........###..........⌠#
#......_...8# #8..._......#
#..........## ##..........#
##........⌠# #⌠........##


You could see a phantom.

Vanquished Creatures
  A phantom (D:4)
  2 hounds
  A bullfrog skeleton (D:3)
  4 adders
  An ufetubus (D:4)
  3 dart slugs
  2 orcs
  3 ball pythons
  5 endoplasms (D:1)
  4 giant cockroaches
  6 goblins
  3 hobgoblins
  2 jackals (D:3)
  8 bats
  4 frilled lizards
  6 kobolds
  A quokka skeleton (D:3)
  4 rats
60 creatures vanquished.

Vanquished Creatures (others)
  3 plants (D:1)
3 creatures vanquished.

Grand Total: 63 creatures vanquished

Notes
Turn   | Place    | Note
-------+----------+-------------------------------------------
     0 | D:1      | cdecastro the Deep Elf Conjurer began the quest for the
                  | Orb.
     0 | D:1      | Reached XP level 1. HP: 10/10 MP: 6/6
   264 | D:1      | Reached XP level 2. HP: 15/15 MP: 2/8
   403 | D:1      | Reached skill level 5 in Conjurations
   484 | D:1      | Found a faded altar of an unknown god.
  1072 | D:2      | Found a shadowy altar of Dithmenos.
  1170 | D:2      | Found Jucha's Magic Scroll Boutique.
  1182 | D:2      | Bought a scroll of identify for 24 gold pieces
  1188 | D:2      | Reached XP level 3. HP: 19/19 MP: 5/9
  1645 | D:2      | Reached skill level 6 in Conjurations
  1648 | D:2      | Learned a level 2 spell: Searing Ray
  2078 | D:3      | Reached XP level 4. HP: 24/24 MP: 8/10
  2804 | D:3      | Found a radiant altar of Vehumet.
  2804 | D:3      | Found a broken altar of Ashenzari.
  2804 | D:3      | Found a snail-covered altar of Cheibriados.
  2904 | D:3      | Became a worshipper of Vehumet
  2924 | D:4      | Reached skill level 7 in Conjurations
  2924 | D:4      | Reached XP level 5. HP: 28/28 MP: 5/11
  3225 | D:4      | Found a staircase to the Ecumenical Temple.
  3277 | Temple   | Entered the Ecumenical Temple
  3342 | D:4      | Noticed a phantom
  3354 | D:4      | Killed a phantom
  3678 | D:4      | Reached skill level 8 in Conjurations
  3731 | D:4      | Noticed a phantom
  3777 | Temple   | HP: 1/28 [phantom (8)]
  3782 | Temple   | Slain by a phantom

Illustrated notes

Levels and vault maps discovered:
D:1:      kilobyte_arrival_exit_the_forest, layout_rooms,
          dreamdust_ecumenical_altar_grove, corexii_corridor_pit,
          kennysheep_crisscross
D:2:      layout_basic, basic_altar, serial_shops, shop
D:3:      layout_basic, gammafunk_temple_overflow_claw, dk_noncrumbling_2,
          amcnicky_mini_rare_corridor_liquid, minmay_misc_feat_cross
D:4:      layout_cave_pods, mainiacjoe_overflow_boulevard,
          minmay_temple_entry_large_hall, kennysheep_generic_room_2
Temple:   nicolae_temple_x_marks_the_god

Skill      XL: |  1  2  3  4  5 |
---------------+----------------+-----
Conjurations   | 5 6 7 8 |  8.0
Dodging        | |  2.4
Stealth        | |  2.4
Spellcasting   | |  3.0

Action                   |  1- 3 |  4- 6 || total
-------------------------+-------+-------++-------
Melee: Unarmed           |     6 |       ||     6
       Short sword       |    21 |     2 ||    23
 Cast: Magic Dart        |    68 |    56 ||   124
       Searing Ray       |       |     1 ||     1
Armor: Robe              |    10 |     4 ||    14
Dodge: Dodged            |    30 |    19 ||    49
